 Dungeon Sprint DCSS version 0.29.1-15-g9cfb28693d (webtiles) character file.

Game seed: 13116866251490432037

26 GigaChad the Shield-Bearer (level 3, -4/31 HPs)
             Began as a Formicid Fighter on Mar 30, 2023.
             Drowned by a water elemental (10 damage)
             ... in the Dungeon (Sprint III: "The Ten Rune Challenge").
             The game lasted 00:00:35 (218 turns).

GigaChad the Shield-Bearer (Formicid Fighter)        Turns: 218, Time: 00:00:36

Health: -4/31      AC:  7    Str: 22    XL:     3   Next: 22%
Magic:  3/3        EV:  9    Int:  7    God:
Gold:   0          SH:  5    Dex: 13    Spells: 2/2 levels left

rFire   . . .      SeeInvis +   a - +0 war axe
rCold   . . .      Faith    .   c - +0 buckler
rNeg    . . .      Spirit   .   b - +0 scale mail
rPois   .          Reflect  .   (helmet unavailable)
rElec   .          Harm     .   (no cloak)
rCorr   .          Rampage  .   (no gloves)
Will    .....                   (no boots)
Stlth   ..........              (no amulet)
HPRegen 0.10/turn               (no ring)
MPRegen 0.08/turn               (no ring)

@: engulfed (cannot breathe)
A: permanent stasis, dig shafts and tunnels, antennae 3, four strong arms
a: Dig


You were in the Dungeon.
You visited 1 branch

Inventory:

Hand Weapons
 a - a +0 war axe (weapon)
Armour
 b - a +0 scale mail (worn)
 c - a +0 buckler (worn)
Potions
 d - a potion of might
 e - a potion of curing
 f - a potion of heal wounds
 g - 2 potions of magic
 h - a potion of mutation {unknown}


   Skills:
 + Level 4.7 Fighting
 + Level 3.0 Axes
 + Level 4.6 Armour
 + Level 5.7 Shields


You had 2 spell levels left.
You didn't know any spells.
Your spell library was empty.

Dungeon Overview and Level Annotations

Branches:
Dungeon (1/1)

Altars:


Innate Abilities, Weirdness & Mutations

You cannot be hasted, slowed, berserked, paralysed or teleported.
You can dig through walls and to a lower floor.
You have a pair of large antennae on your head. (SInv)
Your four strong arms can wield two-handed weapons with a shield.


Message History

You block the human's attack.
The phantom hits you but does no damage.
There are monsters nearby!
You slash the human!
The human is almost dead.
You hit the phantom but do no damage. The human hits you but does no damage.
The phantom barely misses you.
There are monsters nearby!
You slash the human!
You kill the human!
You hit the phantom.
You destroy the phantom!
Your Fighting skill increases to level 4!
Your Axes skill increases to level 3!
Your Armour skill increases to level 4!
Your Shields skill increases to level 5!
You have reached level 2!
You have reached level 3!
Your experience leads to an increase in your attributes!
Increase (S)trength, (I)ntelligence, or (D)exterity?
You feel stronger. x2
Unknown command.
No target in view!
You sense a monster nearby.
You open the door.
A water elemental comes into view.
The water elemental hits you!
Ouch! That really hurt!
The water elemental engulfs you in water!
There is an open door to the Ecumenical Temple, spattered with blood here.
You are too injured to fight recklessly!
You are too injured to fight recklessly!
You are too injured to fight recklessly!
You are too injured to fight recklessly!
You slip free of the water engulfing you.
Your lungs strain for air!
The water elemental hits you.
* * * LOW HITPOINT WARNING * * *
You hit the water elemental.
The water elemental is lightly damaged.
You die...

▓▓▓▓▓▓ ▓▓▓ .#...####
##.# .#......## #..# {
##.......# #..#{ {
.##.##...# #..###+#+###
.##.###..# +#..#........
####.##..# #...'@⌠......
##..##..####...#E..#####
....##..###†...#.⌠.#
#..##...##.....#...#
..##....#......#+###
.###..##.#.....# {{ { .#
#.. ####....# ▓▓ ▓▓▓
▓▓▓▓▓▓ { {{


You could see a water elemental.

Vanquished Creatures
  A human (D)
  A phantom (D)
  An endoplasm (D)
  3 rats (D)
6 creatures vanquished.

Notes
Turn   | Place    | Note
-------+----------+-------------------------------------------
     0 | D        | GigaChad the Formicid Fighter began the quest for the Orb.
     0 | D        | Reached XP level 1. HP: 18/18 MP: 1/1
   124 | D        | Reached skill level 5 in Shields
   124 | D        | Reached XP level 2. HP: 18/26 MP: 2/2
   124 | D        | Reached XP level 3. HP: 22/31 MP: 3/3
   215 | D        | Noticed a water elemental
   218 | D        | Drowned by a water elemental

Illustrated notes

Levels and vault maps discovered:
D:        dungeon_sprint_mu [sprint_mu_entry_cave, sprint_mu_temple_rooms,
          sprint_mu_d1_spiders, sprint_mu_d2_genie, sprint_mu_d3_branching,
          sprint_mu_orc_legion, sprint_mu_elf_gauntlet, sprint_mu_hive_nellie,
          sprint_mu_lair_fedhas, sprint_mu_vaults_butterflies,
          sprint_mu_slime_circle, sprint_mu_shoals_kraken,
          sprint_mu_snake_twists, sprint_mu_blade_basic,
          sprint_mu_crypt_fortress, sprint_mu_tomb_spiral,
          sprint_mu_vestibule_basic, sprint_mu_gehenna_hellfire,
          sprint_mu_dis_giant, sprint_mu_tartarus_statrot,
          sprint_mu_cocytus_islands, sprint_mu_zot1]

Skill      XL: |  1 |
---------------+----+-----
Fighting       | 4 |  4.7
Axes           | 3 |  3.0
Armour         | 4 |  4.6
Shields        | 5 |  5.7

Action                   || total
-------------------------++-------
Melee: War axe           ||    12
Armor: Scale mail        ||     6
Dodge: Dodged            ||     7
Block: Buckler           ||     4
